AoeStats
← OffFaun9488

Black Forest

510024313Analyzed
3v3 RM · 5d ago on Sep 29, 2026· 74m 47s· 6 players
Game mode
Random Map
Map size
Normal (6 player)
Population
200
Speed
Normal
Resources
Standard
Victory
Conquest
Starting age
Dark Age
Ending age
Imperial Age
RankedLock teamsTeams togetherTeam positionsShared explorationLock speedFull tech treeHidden civsTurbo modeCheats
Victory
Defeat
🇦🇷 Italians · Argentina
1297
+8
🇦🇷 Goths · Argentina
1190
+12
🇦🇷 Franks · Argentina
1022
+19
🇺🇸 Armenians · United States
1120
-14
🇺🇸 Bohemians · United States
1100
-13
🇺🇸 Mongols · United States
1088
-12
Koality
10:57 Feudal Age
14:29 Castle Age
12:31 Double-Bit Axe
21:15 Wheelbarrow
20:31 Horse Collar
21:07 Fervor
21:45 Heavy Plow
23:27 Man-at-Arms
24:51 Hand Cart
25:05 Bow Saw
25:02 Fletching
25:12 Padded Archer Armor
25:16 Loom
25:00 Crossbowman
26:36 Padded Archer Armor
27:14 Ballistics
29:41 Bodkin Arrow
30:01 Leather Archer Armor
36:57 Scale Mail Armor
37:07 Forging
39:44 Man-at-Arms
40:26 Squires
40:43 Chain Mail Armor
41:04 Iron Casting
44:58 Long Swordsman
52:18 Imperial Age
50:26 Elite Skirmisher
53:03 Bracer
53:33 Ring Archer Armor
52:39 Arbalester
57:22 Chemistry
63:42 Two-Man Saw
SlickSloth
0:31 Loom
11:59 Feudal Age
17:49 Castle Age
15:53 Double-Bit Axe
21:14 Stone Mining
22:33 Wheelbarrow
25:48 Fortified Wall
25:38 Murder Holes
44:03 Elite Skirmisher
47:44 Stone Shaft Mining
48:37 Husbandry
48:48 Bloodlines
49:49 Hand Cart
52:29 Scale Barding Armor
54:38 Chain Barding Armor
56:23 Forging
69:00 Light Cavalry
PapiChullo
0:34 Loom
15:00 Feudal Age
16:12 Double-Bit Axe
18:48 Castle Age
16:49 Gold Mining
17:07 Stone Mining
17:45 Fletching
19:10 Padded Archer Armor
20:36 Bow Saw
21:04 Gold Shaft Mining
27:54 Bodkin Arrow
28:18 Leather Archer Armor
28:17 Horse Collar
29:58 Scale Mail Armor
30:10 Forging
30:36 Man-at-Arms
31:02 Gambesons
34:24 Imperial Age
31:51 Long Swordsman
34:12 Iron Casting
33:52 Chain Mail Armor
34:10 Two-Handed Swordsman
34:38 Arson
34:53 Squires
36:08 Chemistry
35:30 Ballistics
36:10 Chemistry
35:06 Murder Holes
35:24 Fortified Wall
35:28 Champion
36:03 Elite Composite Bowman
37:43 Bracer
38:13 Ring Archer Armor
37:15 Pikeman
38:44 Halberdier
41:20 Blast Furnace
44:38 Plate Mail Armor
Armada Fantasma
7:08 Loom
12:04 Feudal Age
13:51 Double-Bit Axe
13:47 Horse Collar
16:47 Castle Age
21:14 Imperial Age
19:45 Bow Saw
20:15 Wheelbarrow
19:55 Scale Mail Armor
20:05 Forging
24:50 Squires
25:18 Chain Mail Armor
25:12 Capped Ram
26:15 Conscription
26:58 Anarchy
37:18 Man-at-Arms
37:20 Pikeman
42:16 Chemistry
41:32 Heavy Scorpion
43:49 Long Swordsman
47:22 Hand Cart
51:43 Perfusion
52:42 Iron Casting
51:52 Elite Huskarl
55:32 Long Swordsman
57:10 Two-Handed Swordsman
58:49 Gold Mining
62:03 Champion
62:04 Halberdier
ZBizkit
7:44 Loom
11:36 Feudal Age
12:10 Double-Bit Axe
12:06 Horse Collar
12:21 Stone Mining
13:44 Gold Mining
20:27 Castle Age
21:47 Coinage
24:15 Heavy Plow
26:37 Wheelbarrow
29:27 Bow Saw
37:38 Hand Cart
38:22 Caravan
39:00 Fervor
44:43 Imperial Age
42:46 Ballistics
42:18 Fletching
42:29 Padded Archer Armor
42:30 Treadmill Crane
44:03 Bodkin Arrow
44:23 Leather Archer Armor
45:10 Stone Shaft Mining
45:33 Bracer
46:35 Chemistry
45:29 Crossbowman
46:34 Arbalester
47:20 Thumb Ring
46:37 Elite Skirmisher
47:49 Ring Archer Armor
48:09 Scale Barding Armor
48:04 Scale Mail Armor
48:15 Forging
48:41 Banking
48:23 Guilds
49:24 Two-Man Saw
48:58 Crop Rotation
49:47 Conscription
49:59 Silk Road
50:27 Town Watch
52:16 Hoardings
52:06 Town Patrol
51:44 Onager
64:10 Masonry
63:55 Murder Holes
64:11 Fortified Wall
63:55 Light Cavalry
64:36 Husbandry
64:47 Bloodlines
65:00 Chain Barding Armor
64:55 Chain Mail Armor
65:15 Iron Casting
72:07 Architecture
OffFaun9488
5:22 Loom
14:48 Feudal Age
15:23 Double-Bit Axe
15:32 Gold Mining
17:48 Town Watch
26:26 Castle Age
25:13 Wheelbarrow
26:06 Forging
25:57 Scale Mail Armor
26:04 Scale Barding Armor
26:20 Stone Mining
27:49 Pikeman
28:45 Bow Saw
31:39 Hand Cart
32:38 Chain Mail Armor
32:44 Chain Barding Armor
33:31 Squires
34:15 Iron Casting
35:46 Gold Shaft Mining
45:04 Imperial Age
44:48 Husbandry
47:05 Elite Throwing Axeman
51:01 Cavalier
65:31 Halberdier
68:12 Arson
71:47 Elite Skirmisher
Connection lost

Rejoining the realm…

Still unreachable

The connection could not be restored.

Session expired

The server has moved on; the page needs a fresh start.